Map: Jagannatha LE

Players

Rex - Winner!

  • Race: Zerg Zerg
  • League: Master
  • Spawn Location: 7:00

Has

  • Race: Protoss Protoss
  • Spawn Location: 1:00

Event: DreamHack SC2 Masters 2020 Winter

VOD

Have the link to the VOD?

Description

Time

  • Played on: Oct. 25, 2020, 8:09 a.m.
  • Length: 4:17

All games in this series

Show
View Real Time Build Order
Export as new Build Order

Rex Zerg - Winner!

Build Orders: Pool First 

Get SALT Encoding   

  12  0:00  Drone  
  13  0:12  Overlord  
  13  0:17  Drone  
  14  0:31  Drone x2  
  14  0:34  Drone  
  17  0:39  Extractor  
  16  0:46  Spawning Pool  
  16  0:49  Drone  
  16  0:56  Drone  
  17  1:18  Hatchery  
  16  1:33  Zergling x6  
  19  1:40  Metabolic Boost  
  19  1:46  Zergling x2  
  20  1:59  Zergling x2  
  21  2:06  Zergling x2  
  22  2:18  Overlord  
  22  2:30  Queen, Spine Crawler  
  22  2:31  Zergling x2  
  22  2:32  Spine Crawler  
  23  2:40  Spine Crawler  
  23  2:42  Zergling x2  
  23  2:46  Zergling x2  
  23  2:50  Zergling x2  
  25  2:53  Zergling x2  
  25  2:57  Zergling x2  
  27  3:02  Zergling x2  
  27  3:05  Zergling x2  
  27  3:13  Zergling x2  
  27  3:14  Zergling x2  
  26  3:22  Zergling x2  
  23  3:27  Zergling x2  
  22  3:35  Zergling x4  
  22  3:43  Zergling x2  
  22  3:46  Zergling x2  
  24  3:54  Zergling x2  
  24  3:56  Zergling x2  
Show
View Real Time Build Order
Export as new Build Order

Has Protoss 

Build Orders: 1 Gate Expand, Forge Fast Expand (FFE) 

Get SALT Encoding   

  12  0:00  Probe  
  13  0:12  Probe  
  14  0:20  Pylon  
  14  0:24  Probe  
  15  0:38  Probe (Chrono Boost)  
  15  0:39  Gateway  
  16  0:47  Probe (Chrono Boost)  
  17  0:52  Forge  
  17  0:55  Probe  
  18  1:03  Assimilator  
  18  1:07  Probe  
  19  1:20  Probe  
  20  1:31  Nexus  
  20  1:37  Cybernetics Core  
  20  1:40  Probe  
  21  1:50  Pylon  
  22  1:55  Zealot (Chrono Boost)  
  23  2:08  Gateway, Probe  
  24  2:18  Warp Gate, Shield Battery  
  24  2:20  Stalker (Chrono Boost)  
  24  2:22  Probe  
  27  2:32  Shield Battery  
  27  2:35  Shield Battery  
  27  2:40  Adept (Chrono Boost)  
  29  2:46  Gateway  
  29  2:50  Shield Battery  
  29  2:57  Pylon  
  31  2:59  Adept (Chrono Boost)  
  31  3:10  Shield Battery  
  31  3:12  Adept (Chrono Boost)  
  31  3:15  Probe  
  34  3:23  Shield Battery  
  34  3:25  Shield Battery  
  32  3:30  Probe  
  31  3:40  Shield Battery  
  31  3:49  Pylon  
  31  3:59  Pylon  
  31  4:02  Probe  
Tags
 
Add a new tag
Caveats
  • Supply blocks, unpowered buildings, or Contaminate may cause inaccurate times.
  • Supply counts are checked every 10 seconds.